 Dungeon Crawl Stone Soup version 0.32-a0-411-g744942f433 (webtiles) character file.

Game seed: 11591504916075881329

70 adelrune the Covered (level 4, 0/38 HPs)
             Began as an Armataur Fighter on Feb 20, 2024.
             Slain by Grinder (3 damage)
             ... on level 3 of the Dungeon.
             The game lasted 00:03:01 (1315 turns).

adelrune the Covered (Armataur Fighter)             Turns: 1315, Time: 00:03:02

Health: 0/38       AC:  8    Str: 24    XL:     4   Next: 3%
Magic:  4/4        EV:  7    Int:  8    God:
Gold:   100        SH:  4    Dex:  9    Spells: 3/3 levels left

rFire   . . .        a - +0 flail
rCold   . . .        c - +0 buckler
rNeg    . . .        b - +0 scale mail
rPois   .            h - +0 helmet
rElec   .            (no cloak)
rCorr   .            (no gloves)
SInv    .            (no barding)
Will    .....        n - amulet of regeneration Stlth
                     (no ring)
HPRegen 1.06/turn    (no ring)
MPRegen 0.09/turn

%: roll
@: mighty
A: large, deformed body, tough skin 3, armoured tail, roll 1
a: no special abilities


You were on level 3 of the Dungeon.
You visited 1 branch of the dungeon, and saw 3 of its levels.

You collected 100 gold pieces.

Inventory:

Hand Weapons
 a - a +0 flail (weapon)
Armour
 b - a +0 scale mail (worn)
 c - a +0 buckler (worn)
 h - a +0 helmet (worn)
Jewellery
 n - an amulet of regeneration (around neck)
 p - a ring of ice
Wands
 q - a wand of roots (9)
Scrolls
 f - a scroll of fear {unknown}
 i - 2 scrolls of identify {unknown}
 j - a scroll of enchant weapon {unknown}
 l - a scroll of teleportation {unknown}
Potions
 e - a potion of attraction {unknown}
 g - a potion of enlightenment {unknown}
 k - a potion of magic {unknown}
 m - a potion of heal wounds {unknown}
 o - a potion of berserk rage {unknown}
 r - 2 potions of haste {unknown}
 s - a potion of lignification {unknown}


   Skills:
 + Level 3.1 Fighting
 * Level 2.8 Maces & Flails
 + Level 4.2 Armour
 + Level 3.8 Shields


You had 3 spell levels left.
You didn't know any spells.
Your spell library contained the following spells:

 Spells                   Type           Power      Damage    Failure   Level
 Jinxbite                 Hex            0%         N/A       88%         2
 Olgreb's Toxic Radiance  Alch           0%         N/A       100%        4
 Yara's Violent Unravell  Hex/Alch       0%         3d3       100%        5
 Enfeeble                 Hex            0%         N/A       100%        7
 Ozocubu's Refrigeration  Ice            0%         4d7       100%        7
 Discord                  Hex            0%         N/A       100%        8


Dungeon Overview and Level Annotations

Branches:
Dungeon (3/15)

Altars:
Dithmenos

Annotations:
D:3 Grinder


Innate Abilities, Weirdness & Mutations

Armour fits poorly on your strangely shaped body.
You have extremely tough skin. (AC +3)
You have a long armoured tail.
You regenerate magic when rolling toward enemies. (Rampage MPRegen)


Message History

Found a white potion.
Found a stone staircase leading down.
You pick up the Unrestrained Analects and begin reading...
You add the spells Olgreb's Toxic Radiance, Ozocubu's Refrigeration and Discord to your library.
Grinder comes into view.
Grinder shouts!
Grinder blinks!
Grinder moves out of view.
Grinder gestures at you.
You barely resist.
Grinder is nearby!
You feel very mighty all of a sudden. Grinder gestures at you.
You suddenly lose the ability to move!
Grinder gestures at you.
You barely resist.
Grinder says, "There's only one good use for a tongue: cutting it out."
You can move again.
Grinder gestures at you.
You barely resist. Grinder hits you but does no damage.
You closely miss Grinder. Grinder hits you. Grinder gestures at you.
Pain shoots through your body!
You bludgeon Grinder!!
Grinder is heavily wounded.
Grinder gestures at you.
You suddenly lose the ability to move!
Grinder hits you!
You writhe in agony.
Grinder gestures at you. Pain shoots through your body!
* * * LOW HITPOINT WARNING * * *
Grinder blinks!
You can move again.
You barely miss Grinder.
Grinder is heavily wounded.
Grinder hits you!
* * * LOW HITPOINT WARNING * * *
You writhe in agony.
You die...
Grinder says, "Now the real fun starts!"

..............###......##..
##..................# #..
#..........#..#.#.# #.
#.................#....
#......................
#.................#.###
#...................#
#.........5##..###.>...
##....####@##.......###
#...?## #..##..#.#....
.....## #........# ....
...## !.######## ... ...
##.# .. .##


You could see Grinder.

Vanquished Creatures
  2 adders
  3 ball pythons
  2 endoplasms
  A giant cockroach (D:1)
  A goblin (D:3)
  4 hobgoblins
  3 kobolds
  2 quokkas
  5 bats
  5 frilled lizards
  2 rats
30 creatures vanquished.

Notes
Turn   | Place    | Note
-------+----------+-------------------------------------------
     0 | D:1      | adelrune the Armataur Fighter began the quest for the Orb.
     0 | D:1      | Reached XP level 1. HP: 18/18 MP: 1/1
   120 | D:1      | Reached XP level 2. HP: 22/25 MP: 2/2
   390 | D:1      | Reached XP level 3. HP: 27/30 MP: 3/3
   475 | D:2      | Reached skill level 4 in Armour
   697 | D:2      | Found a shadowy altar of Dithmenos.
  1277 | D:3      | Reached XP level 4. HP: 38/38 MP: 4/4
  1302 | D:3      | Noticed Grinder
  1304 | D:3      | Paralysed by Grinder for 4 turns
  1311 | D:3      | Paralysed by Grinder for 4 turns
  1315 | D:3      | Slain by Grinder

Illustrated notes

Levels and vault maps discovered:
D:1:      saegor_arrival_simple_e, layout_rooms, minmay_heptomino_l4
D:2:      layout_loops_ring, basic_altar, serial_bayou_lagoon_b
D:3:      layout_rooms, roderic_roman_lattice, uniq_grinder

Skill      XL: |  1  2  3 |
---------------+----------+-----
Maces & Flails | 2 |  2.8
Fighting       | 3 |  3.1
Armour         | 4 |  4.2
Shields        | |  3.8

Action                     |  1- 3 |  4- 6 || total
---------------------------+-------+-------++-------
  Melee: Flail             |    80 |     4 ||    84
         Tailslap          |     8 |       ||     8
    Use: Potion            |       |     1 ||     1
 Armour: Scale mail        |    66 |     4 ||    70
  Dodge: Dodged            |    33 |       ||    33
  Block: Buckler           |    25 |       ||    25

Table legend: (Time is in decaauts)
 A = Elapsed time spent in this place.
 B = Non-inter-level travel time spent in this place.
 C = Inter-level travel time spent in this place.
 D = Time resting spent in this place.
 E = Time spent auto-exploring this place.
 F = Levels seen in this place.
 G = Mean time per level.
                   A        B        C        D        E       F      G
               +--------+--------+--------+--------+--------+-----+--------+
         Total |   1340 |   1307 |     33 |     28 |    977 |   3 |  446.7 |
       Dungeon |   1340 |   1307 |     33 |     28 |    977 |   3 |  446.7 |
               +--------+--------+--------+--------+--------+-----+--------+

Top non-repeatable levels by time:
     D:2: 769 daAuts
     D:1: 461 daAuts
     D:3: 110 daAuts
